 Dungeon Crawl Stone Soup version 0.21-a0 (webtiles) character file.

16 Kriby the Magician (level 2, -7/17 HPs)
             Began as an Octopode Wizard on May 20, 2017.
             Mangled by a hobgoblin
             ... wielding a +0 club
              (8 damage)
             ... on level 1 of the Dungeon.
             The game lasted 00:01:35 (911 turns).

Kriby the Magician (Octopode Wizard)                 Turns: 911, Time: 00:01:36

Health: -7/17      AC:  1    Str:  6    XL:     2   Next: 54%
Magic:  0/6        EV: 13    Int: 20    God:
Gold:   9          SH:  0    Dex: 10    Spells: 4/7 levels left

rFire    . . .     SeeInvis .   d - +0 dagger
rCold    . . .     Gourm    .   (no shield)
rNeg     . . .     Faith    .   a - +0 hat
rPois    .         Spirit   .   (no amulet)
rElec    .         Reflect  .   (no ring)
rCorr    .         Harm     .   (no ring)
MR       .....                  (no ring)
Stlth    +++.......             (no ring)
Regen    0.1/turn               (no ring)
MPRegen  0.1/turn               (no ring)
                                (no ring)
                                (no ring)

@: no status effects
A: almost no armour, stealthy swim, amphibious, 8 rings, constrict 8, camouflage
1, gelatinous body 1
a: no special abilities


You were on level 1 of the Dungeon.
You were not hungry.

You visited 1 branch of the dungeon, and saw 1 of its levels.

You collected 9 gold pieces.

Inventory:

Hand Weapons
 d - a +0 dagger (weapon)
Armour
 a - a +0 hat (worn)
Books
 b - a book of Minor Magic

   Spells                             Type                      Level
   a - Magic Dart                     Conjuration                  1
   b - Blink                          Translocation                2
   c - Call Imp                       Summoning                    2
   d - Slow                           Hexes                        2
   e - Conjure Flame                  Conjuration/Fire             3
   f - Mephitic Cloud                 Conjuration/Poison/Air       3
Comestibles
 c - a bread ration


   Skills:
 - Level 2.0 Dodging
 - Level 2.6 Stealth
 + Level 3.2 Spellcasting
 * Level 2.0 Conjurations
   Level 1.0 Summonings
 - Level 1.0 Translocations


You had 4 spell levels left.
You knew the following spells:

 Your Spells              Type           Power        Failure   Level  Hunger
a - Magic Dart            Conj           ##..         6%          1    None
b - Blink                 Tloc           N/A          14%         2    ##.....


Dungeon Overview and Level Annotations

Branches:
Dungeon (1/15)

Altars:


Innate Abilities, Weirdness & Mutations

You cannot wear most types of armour.
You are very stealthy in the water. (Stealth+)
You are amphibious.
You can wear up to eight rings at the same time.
You can use your tentacles to constrict eight enemies at once.
Your skin changes colour to match your surroundings (Stealth+).
Your rubbery body absorbs attacks. (AC +1, EV +1)


Message History

Aiming: Magic Dart
Press: ? - help, Shift-Dir - straight line, f/p - hobgoblin
Aim: a hobgoblin, wielding a club and wearing a plate armour (severely wounded)
The magic dart hits the hobgoblin.
The hobgoblin is severely wounded.
The hobgoblin hits you with a club.
* * * LOW HITPOINT WARNING * * *
You completely miss the hobgoblin. You grab the hobgoblin.
The hobgoblin is severely wounded.
You constrict the hobgoblin, but do no damage.
You hit the hobgoblin but do no damage.
The hobgoblin is severely wounded.
You constrict the hobgoblin, but do no damage.
The hobgoblin hits you with a club.
* * * LOW HITPOINT WARNING * * *
You hit the hobgoblin.
The hobgoblin is almost dead.
You constrict the hobgoblin, but do no damage.
The hobgoblin hits you with a club!
You die...

##################
.................#
.###############.#
.#...........# #g#
g#.#########.# #g#
.#.##........# #@#
.#.###.#########.#
.#...............#
.#################
...g......#
#########.# #.#
#g# ###.#


You could see 2 hobgoblins.

Vanquished Creatures
  A dart slug (D:1)
  A bat (D:1)
  4 giant cockroaches (D:1)
  A goblin (D:1)
  A quokka (D:1)
  5 rats (D:1)
13 creatures vanquished.

Notes
Turn   | Place    | Note
-------+----------+-------------------------------------------
     0 | D:1      | Kriby the Octopode Wizard began the quest for the Orb.
     0 | D:1      | Reached XP level 1. HP: 11/11 MP: 4/4
   309 | D:1      | Reached XP level 2. HP: 15/17 MP: 0/6
   313 | D:1      | Learned a level 2 spell: Blink
   911 | D:1      | Mangled by a hobgoblin

Vault maps used:
D:1:      onia_arrival_larder

Skill      XL: |  1  2 |
---------------+-------+-----
Conjurations   | 2 |  2.0
Dodging        | |  2.0
Stealth        | |  2.6
Spellcasting   | |  3.2
Summonings     | |  1.0
Translocations | |  1.0

Action                   || total
-------------------------++-------
Melee: Dagger            ||    11
       Constrict         ||     3
       Tentacles         ||     1
 Cast: Magic Dart        ||    43
       Blink             ||     2
  Use: Scroll            ||     1
Armor: Skin              ||     4
Dodge: Dodged            ||    18
